 Dungeon Crawl Stone Soup version 0.24-a0-189-g5d897e9 (webtiles) character file.

Game seed: 15415429294455550475

32 Ivan the Skirmisher (level 3, -3/49 HPs)
             Began as a Hill Orc Berserker on Mar 16, 2019.
             Was a Believer of Trog.
             Slain by an ice beast (14 damage)
             ... on level 2 of the Dungeon.
             The game lasted 00:02:49 (817 turns).

Ivan the Skirmisher (Hill Orc Berserker)             Turns: 817, Time: 00:02:50

Health: -3/49      AC:  2    Str: 25    XL:     3   Next: 27%
Magic:  3/3        EV: 12    Int:  7    God:    Trog [**....]
Gold:   113        SH:  0    Dex: 10    Spells: 2/2 levels left

rFire    . . .     SeeInvis .   a - +0 spear
rCold    . . .     Gourm    .   (no shield)
rNeg     . . .     Faith    .   b - +0 animal skin
rPois    .         Spirit   .   (no helmet)
rElec    .         Reflect  .   (no cloak)
rCorr    .         Harm     .   (no gloves)
MR       .....                  (no boots)
Stlth    ..........             (no amulet)
HPRegen  0.16/turn              (no ring)
MPRegen  0.08/turn              (no ring)

@: berserking, very quick
A: no striking features
a: Berserk, Trog's Hand, Renounce Religion


You were on level 2 of the Dungeon.
You worshipped Trog.
Trog was pleased with you.
You were hungry.

You visited 1 branch of the dungeon, and saw 2 of its levels.

You collected 113 gold pieces.

Inventory:

Hand Weapons
 a - a +0 spear (weapon)
Armour
 b - a +0 animal skin (worn)
Scrolls
 e - a scroll of blinking {unknown}
 h - a scroll of teleportation {unknown}
 i - a scroll of identify {unknown}
 j - a scroll of magic mapping {unknown}
 k - a scroll of enchant armour {unknown}
Potions
 d - a potion of might {unknown}
 f - a potion of resistance {unknown}
 g - a potion of degeneration {unknown}
Comestibles
 c - 4 rations


   Skills:
 + Level 4.1 Fighting
 + Level 3.8 Polearms
 * Level 2.5 Armour
 * Level 1.9 Dodging


You had 2 spell levels left.
You didn't know any spells.
Your spell library was empty.

Dungeon Overview and Level Annotations

Branches:
Dungeon (2/15)

Altars:
Uskayaw


Message History

* * * LOW HITPOINT WARNING * * *
You are too injured to fight recklessly!
You are too injured to fight recklessly!
You are too berserk!
You barely miss the ice beast.
The ice beast is moderately wounded.
The ice beast hits you but does no damage.
You hit the ice beast.
The ice beast is moderately wounded.
You hit the ice beast.
The ice beast is heavily wounded.
The ice beast closely misses you.
You hit the ice beast.
The ice beast is heavily wounded.
You closely miss the ice beast.
The ice beast is heavily wounded.
The ice beast hits you.
* * * LOW HITPOINT WARNING * * *
The ice beast freezes you!
You die...

#.#####.# #.#..(#.#
#.#..(#.###
#.#####...##
#..........#
#...#......#####
##.............#
######...####.####.####
##.## #..@Yb..... #.#
########### #.# #.


You could see an ice beast and a bat.

Vanquished Creatures
  A dart slug (D:1)
  5 bats (D:1)
  A giant cockroach (D:1)
  4 hobgoblins (D:1)
  5 jackals
  A ball python (D:2)
  A frilled lizard (D:1)
  A goblin (D:1)
  6 kobolds (D:1)
  4 rats
29 creatures vanquished.

Notes
Turn   | Place    | Note
-------+----------+-------------------------------------------
     0 | D:1      | Ivan the Hill Orc Berserker began the quest for the Orb.
     0 | D:1      | Reached XP level 1. HP: 19/19 MP: 1/1
   108 | D:1      | Reached XP level 2. HP: 15/27 MP: 2/2
   416 | D:1      | Reached skill level 4 in Fighting
   521 | D:1      | Reached XP level 3. HP: 33/33 MP: 3/3
   741 | D:2      | Found a hide-covered altar of Uskayaw.
   741 | D:2      | Noticed a +0 dagger
   741 | D:2      | Noticed a +0 dagger
   760 | D:2      | Reached ** piety under Trog
   784 | D:2      | Noticed an ice beast
   817 | D:2      | Slain by an ice beast

Levels and vault maps discovered:
D:1:      eino_arrival_druids_welcome, layout_basic, minmay_vboxes
D:2:      layout_loops_ring, dancing_weapons_uskayaw, lemuel_crystal_altar

Skill      XL: |  1  2 |
---------------+-------+-----
Fighting       | 4 |  4.1
Polearms       | |  3.8
Armour         | |  2.5
Dodging        | |  1.9

Action                   || total
-------------------------++-------
Melee: Spear             ||   120
Invok: Berserk           ||     1
Armor: Animal skin       ||    16
Dodge: Dodged            ||    68

Table legend:
 A = Non-vault XP
 B = Vault XP
 C = Vault XP percentage of total XP
 D = Non-vault monster count
 E = Vault monster count
 F = Vault count percentage of total count
                 A         B        C        D         E       F
            +---------+---------+-------+---------+---------+-------
      Total |      41 |       6 |  12.8 |      24 |       5 |  17.2
            +---------+---------+-------+---------+---------+-------
        D:1 |      33 |       6 |  15.4 |      19 |       5 |  20.8
        D:2 |       8 |       0 |   0.0 |       5 |       0 |   0.0
            +---------+---------+-------+---------+---------+-------
